 Dungeon Crawl Stone Soup version 0.28.0-43-g3370ac3207 (webtiles) character file.

Game seed: 2474772651496182901

109 lonewolfV2 the Skirmisher (level 4, 0/40 HPs)
             Began as a Demonspawn Fighter on Mar 1, 2022.
             Slain by Sigmund
             ... wielding a +0 scythe
              (1 damage)
             ... on level 3 of the Dungeon.
             The game lasted 00:03:20 (2904 turns).

lonewolfV2 the Skirmisher (Demonspawn Fighter)      Turns: 2904, Time: 00:03:21

Health: 0/40       AC:  8    Str: 20    XL:     4   Next: 60%
Magic:  4/4        EV:  9    Int: 10    God:
Gold:   86         SH:  4    Dex: 12    Spells: 3/3 levels left

rFire   . . .      SeeInvis .   a - +0 war axe
rCold   . . .      Faith    .   c - +0 buckler
rNeg    . . .      Spirit   .   b - +0 scale mail
rPois   +          Reflect  .   (no helmet)
rElec   .          Harm     .   (no cloak)
rCorr   .          Rampage  .   (no gloves)
Will    .....                   (no boots)
Stlth   ..........              (no amulet)
HPRegen 0.13/turn               (no ring)
MPRegen 0.09/turn               (no ring)

@: mighty, hasted, very quick
A: hooves 1, thin metallic scales 1, deterioration 1, poison resistance, robust
1, strong 1
a: no special abilities


You were on level 3 of the Dungeon.
You visited 1 branch of the dungeon, and saw 3 of its levels.

You collected 86 gold pieces.

Inventory:

Hand Weapons
 a - a +0 war axe (weapon)
Armour
 b - a +0 scale mail (worn)
 c - a +0 buckler (worn)
Wands
 g - a wand of polymorph (12)
Scrolls
 f - a scroll of blinking
 i - 2 scrolls of vulnerability {unknown}
 j - 2 scrolls of identify


   Skills:
 + Level 3.7 Fighting
 + Level 2.8 Axes
 + Level 3.3 Armour
 + Level 0.5 Dodging
 + Level 0.3 Stealth
 + Level 3.1 Shields


You had 3 spell levels left.
You didn't know any spells.
Your spell library was empty.

Dungeon Overview and Level Annotations

Branches:
Dungeon (3/15)

Altars:

Shops:
D:1 =

Annotations:
D:3 Sigmund


Innate Abilities, Weirdness & Mutations

You have large cloven feet.
You are partially covered in thin metallic scales. (AC +2)
Your body sometimes deteriorates upon taking damage.
Your system is resistant to poisons. (rPois)
You are robust. (+10% HP)
Your muscles are strong. (Str +2)


Message History

There is an open door here.
There is a stone staircase leading down here.
j - 2 scrolls of identify (gained 1) Sigmund the Dreaded comes into view.
He is wielding a +0 scythe.
Sigmund shouts!
Sigmund is nearby!
Sigmund is nearby!
Sigmund is nearby!
Sigmund points at you and mumbles some strange words.
The magic dart hits you. Sigmund gestures at you while chanting.
The puff of flame hits you.
A kobold comes into view. It is wielding a +0 short sword.
The kobold shouts!
Sigmund mumbles some strange words.
Sigmund flickers and vanishes!
Deactivating autopickup; reactivate with Ctrl-A.
Found an embroidered scarf.
Found a stone staircase leading down.
You hear some strange, mumbled words.
A magic dart appears from out of thin air!
The magic dart hits you.
You hit something. Your kick misses something. Something hits you.
You miss something. Your kick misses something. You barely miss the kobold.
Something hits you! The kobold hits you but does no damage.
You miss something. You hit the kobold.
You kill the kobold!
Something hits you!
* * * LOW HITPOINT WARNING * * *
It was a potion of haste.
You feel yourself speed up. Something hits you.
* * * LOW HITPOINT WARNING * * *
It was a potion of mutation.
You feel extremely strange.
You feel yourself wasting away.
You feel robust.
You feel stronger.
You feel resistant to poisons.
You feel very mighty all of a sudden. Something hits you but does no damage.
You slash something! Your kick misses something. Something hits you.
* * * LOW HITPOINT WARNING * * *
You closely miss something. Your kick misses something. You slash something!
Something hits you.
You die...

#######+##
#$..$....#
#........######.#[
+.........@{.....>
#.........#)###.##
#.........#...
#.........#####
#########.#
########.#
#####+##........#
................#
................#


There were no monsters in sight!

Vanquished Creatures
  2 adders
  4 dart slugs
  7 orcs (D:3)
  8 endoplasms
  6 giant cockroaches
  8 goblins
  5 hobgoblins
  2 jackals (D:2)
  5 kobolds
  3 quokkas
  7 ball pythons
  5 bats
  A frilled lizard (D:1)
  4 rats
67 creatures vanquished.

Vanquished Creatures (others)
  8 plants (D:3)
8 creatures vanquished.

Grand Total: 75 creatures vanquished

Notes
Turn   | Place    | Note
-------+----------+-------------------------------------------
     0 | D:1      | lonewolfV2 the Demonspawn Fighter began the quest for the
                  | Orb.
     0 | D:1      | Reached XP level 1. HP: 18/18 MP: 1/1
    74 | D:1      | Found Leic Xan's One-of-a-Kind Rings.
   604 | D:1      | Gained mutation: You have large cloven feet. [demonic
                  | ancestry]
   604 | D:1      | Reached XP level 2. HP: 24/24 MP: 2/2
   656 | D:1      | Found a faded altar of an unknown god.
  1367 | D:1      | Gained mutation: You are partially covered in thin metallic
                  | scales. (AC +2) [demonic ancestry]
  1367 | D:1      | Reached XP level 3. HP: 27/29 MP: 3/3
  1879 | D:2      | Reached XP level 4. HP: 28/36 MP: 4/4
  2890 | D:3      | Noticed Sigmund
  2900 | D:3      | Gained mutation: Your body sometimes deteriorates upon
                  | taking damage. [potion of mutation]
  2900 | D:3      | Gained mutation: You are robust. (+10% HP) [potion of
                  | mutation]
  2900 | D:3      | Gained mutation: Your muscles are strong. (Str +2) [potion
                  | of mutation]
  2900 | D:3      | Gained mutation: Your system is resistant to poisons.
                  | (rPois) [potion of mutation]
  2902 | D:3      | HP: 1/40 [something (1)]
  2904 | D:3      | Slain by Sigmund

Illustrated notes

Levels and vault maps discovered:
D:1:      grunt_arrival_lava_bath, layout_basic,
          shapermc_ecumenical_altar_ellora, minmay_misc_feat_rows, minivault_24,
          moated_statue, nicolae_shop_unique_rings, minmay_heptomino_h4
D:2:      layout_rooms
D:3:      layout_basic, nicolae_elyvilon_temple_path,
          chequers_serial_rivers_micro_b, uniq_sigmund

Skill      XL: |  1  2 |
---------------+-------+-----
Armour         | 3 |  3.3
Axes           | 2 |  2.8
Shields        | 3 |  3.1
Fighting       | |  3.7
Dodging        | |  0.5
Stealth        | |  0.3

Action                   |  1- 3 |  4- 6 || total
-------------------------+-------+-------++-------
Melee: War axe           |    98 |    50 ||   148
       Kick              |    14 |    11 ||    25
  Use: Scroll            |     2 |       ||     2
       Potion            |       |     3 ||     3
Armor: Scale mail        |    69 |    26 ||    95
Dodge: Dodged            |    71 |    24 ||    95
Block: Buckler           |    23 |     8 ||    31
